 Dungeon Crawl Stone Soup version 0.31-a0-96-g196d5507e3 (webtiles) character file.

Game seed: 12709498415459111442

448 Kenran the Slasher (level 6, -2/46 HPs)
             Began as a Vampire Fighter on May 26, 2023.
             Was an Initiate of Gozag.
             Succumbed to a scorpion's poison
             ... on level 4 of the Dungeon.
             The game lasted 00:04:59 (2792 turns).

Kenran the Slasher (Vampire Fighter)                Turns: 2792, Time: 00:05:00

Health: -2/46      AC:  7    Str: 19    XL:     6   Next: 73%
Magic:  6/6        EV:  9    Int: 10    God:    Gozag
Gold:   205        SH:  4    Dex: 14    Spells: 5/5 levels left

rFire   . . .        a - +0 long sword
rCold   . . .        c - +0 buckler
rNeg    . . .        b - +0 scale mail
rPois   .            r - +1 hat
rElec   .            (no cloak)
rCorr   .            (no gloves)
SInv    +            (no boots)
Will    .....        (no amulet) Stlth
                     (no ring)
HPRegen 0.47/turn    (no ring)
MPRegen 0.10/turn

%: no passive effects
@: lethally poisoned (-2 -> -11), gold aura, healing quickly, unable to drink
A: alive, fangs 3, see invisible, vampiric 2, strong 1, no potion heal 1,
inability to drink after injury 1
a: Exsanguinate, Renounce Religion, Potion Petition, Call Merchant, Bribe Branch


You were on level 4 of the Dungeon.
You worshipped Gozag.
Gozag was aware of your devotion.
You visited 1 branch of the dungeon, and saw 4 of its levels.

You collected 257 gold pieces.
You spent 52 gold pieces at shops.

Inventory:

Hand Weapons
 a - a +0 long sword (weapon)
Armour
 b - a +0 scale mail (worn)
 c - a +0 buckler (worn)
 r - a +1 hat (worn)
Jewellery
 g - a +6 ring of dexterity
 k - a ring of poison resistance
 o - a ring of ice
 s - a ring of willpower
Scrolls
 h - 5 scrolls of teleportation
 l - a scroll of enchant weapon {unknown}
 m - a scroll of immolation {!r}
 n - a scroll of silence
 q - a scroll of vulnerability {!r}
Potions
 d - a potion of might
 e - a potion of curing {unknown}
 f - a potion of magic {unknown}
 j - a potion of mutation {!q}
 p - a potion of ambrosia {unknown}


   Skills:
 - Level 2.6 Fighting
 + Level 7.3 Long Blades
 - Level 2.4 Armour
 - Level 2.6 Shields


You had 5 spell levels left.
You didn't know any spells.
Your spell library was empty.

Dungeon Overview and Level Annotations

Branches:
Dungeon (4/15)
 Temple: D:4-7

Altars:
Gozag

Shops:
D:2 ?   D:3 *

Annotations:
D:4 Pikel


Innate Abilities, Weirdness & Mutations

Your natural rate of healing is accelerated.
You have razor-sharp teeth.
You have supernaturally acute eyesight. (SInv)
You are afflicted with vampirism and can become a bat while bloodless.
Your muscles are strong. (Str +4, Int/Dex -1)
Potions are less effective at restoring your health.
You occasionally lose the ability to drink potions when taking damage.


Message History

The scorpion stings you.
You closely miss the scorpion.
You bite the scorpion, but do no damage.
The scorpion is severely wounded.
You feel sick. The scorpion stings you.
You are more poisoned.
The scorpion poisons you!
You completely miss the scorpion.
The scorpion is severely wounded.
You feel very sick.
The scorpion stings you but does no damage.
You hit the scorpion.
The scorpion is almost dead.
You feel very sick. The scorpion stings you.
You feel threatened and lose the ability to drink potions!
You are more poisoned.
The scorpion poisons you! The scorpion stings you.
You are more poisoned.
The scorpion poisons you!
You hit the scorpion but do no damage.
The scorpion is almost dead.
* * * LOW HITPOINT WARNING * * *
You feel very sick. You block the scorpion's attack.
You cannot drink potions in your current state!
Unknown command.
Unknown command.
Unknown command.
You cannot drink potions in your current state!
Unknown command.
You slash the scorpion!
You kill the scorpion!
* * * LOW HITPOINT WARNING * * *
You feel very sick.
* * * LOW HITPOINT WARNING * * *
You feel very sick.
You see here 9 gold pieces.
You die...
Your body crumbles into a pile of gold.

......... .........
###+### ##########.......
.......##.......##.......
................##.......
................+........
....... #.......#......<.
.......##.......#........
.......$@.......##.......
.......##.......##.......
....... #.......##.......
####### #................
#................
..................
..........##.......
..........##.......
##########.......


There were no monsters in sight!

Vanquished Creatures
  Grinder (D:3)
  A phantom (D:3)
  2 lemures
  A scorpion (D:4)
  A howler monkey (D:3)
  4 adders
  2 worms (D:3)
  A dart slug (D:2)
  2 orcs (D:3)
  6 ball pythons
  3 endoplasms
  A giant cockroach (D:1)
  5 hobgoblins
  3 jackals (D:3)
  5 kobolds
  4 quokkas
  5 bats
  3 frilled lizards (D:3)
  4 goblins
  2 rats
56 creatures vanquished.

Notes
Turn   | Place    | Note
-------+----------+-------------------------------------------
     0 | D:1      | Kenran the Vampire Fighter began the quest for the Orb.
     0 | D:1      | Reached XP level 1. HP: 17/17 MP: 1/1
   189 | D:1      | Reached XP level 2. HP: 23/23 MP: 2/2
   331 | D:1      | Reached skill level 3 in Long Blades
   507 | D:2      | Gained mutation: You are afflicted with vampirism and can
                  | become a bat while bloodless. [Vampire growth]
   507 | D:2      | Reached XP level 3. HP: 28/28 MP: 3/3
  1090 | D:2      | Reached skill level 4 in Long Blades
  1093 | D:2      | Found The Oracle's Delphic Readings.
  1098 | D:2      | Bought a scroll of teleportation for 30 gold pieces
  1197 | D:2      | Found a faded altar of an unknown god.
  1202 | D:2      | Prayed at the altar of an unknown god.
  1202 | D:2      | Became a worshipper of Gozag Ym Sagoz the Greedy
  1377 | D:3      | Reached XP level 4. HP: 32/34 MP: 4/4
  1511 | D:3      | Found Qyts's General Store.
  1519 | D:3      | Bought a scroll of identify for 22 gold pieces
  1602 | D:3      | Noticed Grinder
  1817 | D:3      | Reached skill level 5 in Long Blades
  2093 | D:3      | Noticed a phantom
  2107 | D:3      | Killed a phantom
  2108 | D:3      | Reached XP level 5. HP: 21/39 MP: 5/5
  2423 | D:4      | Noticed a lemure
  2424 | D:4      | Noticed a lemure
  2424 | D:4      | Noticed Pikel
  2425 | D:4      | Noticed a lemure
  2425 | D:4      | Noticed a lemure
  2489 | D:3      | Found Qyts's General Store.
  2516 | D:3      | Paralysed by Grinder for 5 turns
  2528 | D:3      | Paralysed by Grinder for 4 turns
  2532 | D:3      | Gained mutation: You occasionally lose the ability to drink
                  | potions when taking damage. [potion of mutation]
  2532 | D:3      | Gained mutation: Your muscles are strong. (Str +4, Int/Dex
                  | -1) [potion of mutation]
  2532 | D:3      | Gained mutation: Potions are less effective at restoring
                  | your health. [potion of mutation]
  2534 | D:3      | Killed Grinder
  2535 | D:3      | Reached skill level 7 in Long Blades
  2535 | D:3      | Reached XP level 6. HP: 8/46 MP: 6/6
  2791 | D:4      | HP: 1/46 [poisoned by a scorpion]
  2792 | D:4      | Succumbed to a scorpion's poison

Illustrated notes

Levels and vault maps discovered:
D:1:      minmay_arrival_four_houses, layout_rooms
D:2:      layout_basic, shapermc_ecumenical_altar_petra,
          nicolae_nh_oracle_at_delphi
D:3:      minmay_angry_zag, layout_loops_cross, nicolae_overflow_hidden_temple,
          serial_shops, nicolae_shop_behind_doors, uniq_grinder
D:4:      layout_gridville, minmay_temple_entry_statues, uniq_pikel

Skill      XL: |  1  2  3  4  5 |
---------------+----------------+-----
Long Blades    | 3 4 5 7 |  7.3
Fighting       | |  2.6
Armour         | |  2.4
Shields        | |  2.6

Action                     |  1- 3 |  4- 6 || total
---------------------------+-------+-------++-------
  Melee: Long sword        |   101 |   124 ||   225
         Bite              |    12 |    15 ||    27
    Use: Scroll            |       |     5 ||     5
         Potion            |       |     1 ||     1
 Armour: Scale mail        |    48 |    24 ||    72
  Dodge: Dodged            |    52 |    43 ||    95
  Block: Buckler           |    22 |    26 ||    48

Table legend: (Time is in decaauts)
 A = Elapsed time spent in this place.
 B = Non-inter-level travel time spent in this place.
 C = Inter-level travel time spent in this place.
 D = Time resting spent in this place.
 E = Time spent auto-exploring this place.
 F = Levels seen in this place.
 G = Mean time per level.
                   A        B        C        D        E       F      G
               +--------+--------+--------+--------+--------+-----+--------+
         Total |   2842 |   2611 |    231 |    269 |   1743 |   4 |  710.5 |
       Dungeon |   2842 |   2611 |    231 |    269 |   1743 |   4 |  710.5 |
               +--------+--------+--------+--------+--------+-----+--------+

Top non-repeatable levels by time:
     D:3: 1349 daAuts
     D:2: 933 daAuts
     D:1: 429 daAuts
     D:4: 129 daAuts
